AoeStats
← 陆小果

Lombardia

508130739Analyzed
4v4 RM · 12d ago on Sep 21, 2026· 55m 34s· 8 players
Game mode
Random Map
Map size
Large (8 player)
Population
200
Speed
Normal
Resources
Standard
Victory
Conquest
Starting age
Dark Age
Ending age
Imperial Age
RankedLock teamsTeams togetherTeam positionsShared explorationLock speedFull tech treeHidden civsTurbo modeCheats
Victory
Defeat
🇨🇦 Britons · Canada
746
+8
🇳🇿 Wei · New Zealand
594
+13
🇨🇦 Jurchens · Canada
478
+18
🇳🇴 Chinese · Norway
408
+20
🇦🇷 Burgundians · Argentina
628
-19
🇭🇰 Teutons · Hong Kong SAR China
546
-15
🇦🇷 Lithuanians · Argentina
533
-15
🇵🇪 Spanish · Peru
397
-10
Luciano24cm
6:06 Loom
9:33 Feudal Age
10:31 Double-Bit Axe
23:50 Castle Age
22:00 Horse Collar
22:14 Gold Mining
Smech4118
10:23 Feudal Age
11:46 Horse Collar
13:15 Heavy Plow
21:09 Castle Age
20:48 Scale Barding Armor
21:19 Double-Bit Axe
22:23 Bow Saw
22:45 Crop Rotation
23:06 Cavalier
32:19 Two-Man Saw
36:18 Gold Mining
37:14 Husbandry
42:44 Imperial Age
40:36 Forging
42:52 Burgundian Vineyards
43:28 Wheelbarrow
45:00 Hand Cart
45:52 Chain Barding Armor
陆小果
4:36 Loom
13:10 Feudal Age
13:55 Double-Bit Axe
14:57 Horse Collar
16:07 Wheelbarrow
23:20 Castle Age
22:57 Gold Mining
23:00 Stone Mining
29:19 Forging
32:27 Stone Shaft Mining
31:55 Heavy Plow
32:09 Bow Saw
35:06 Imperial Age
33:55 Iron Casting
33:22 Scale Mail Armor
34:35 Caravan
35:32 Hand Cart
35:02 Town Watch
37:06 Two-Man Saw
38:15 Elite Teutonic Knight
42:56 Blast Furnace
42:13 Chain Mail Armor
42:46 Crop Rotation
42:42 Guilds
43:03 Coinage
43:07 Conscription
44:11 Ironclad
45:36 Chemistry
Raql501
13:29 Feudal Age
16:14 Double-Bit Axe
19:35 Horse Collar
23:23 Gold Mining
23:24 Stone Mining
32:24 Castle Age
39:16 Bow Saw
39:08 Heavy Plow
43:01 Guard Tower
46:44 Imperial Age
45:44 Thumb Ring
46:09 Forging
46:49 Elite Skirmisher
48:59 Two-Man Saw
48:23 Ballistics
49:04 Chemistry
50:17 Iron Casting
49:44 Scale Mail Armor
weefimonster
11:06 Feudal Age
16:37 Castle Age
14:25 Loom
16:26 Fletching
16:28 Double-Bit Axe
16:27 Horse Collar
18:01 Bodkin Arrow
18:31 Gold Mining
19:25 Bow Saw
23:33 Wheelbarrow
23:27 Padded Archer Armor
24:20 Heavy Plow
24:53 Stone Mining
27:49 Leather Archer Armor
28:01 Ballistics
27:37 Murder Holes
27:55 Fortified Wall
32:04 Imperial Age
30:46 Town Watch
31:20 Hand Cart
31:47 Gold Shaft Mining
32:34 Elite Longbowman
33:42 Yeomen
33:43 Conscription
33:52 Bracer
34:59 Chemistry
35:04 Masonry
34:35 Treadmill Crane
35:03 Siege Engineers
35:46 Ring Archer Armor
36:03 Caravan
38:24 Hoardings
37:51 Warwolf
38:05 Scale Mail Armor
38:15 Forging
39:05 Coinage
38:46 Guilds
41:47 Banking
44:16 Chain Mail Armor
44:37 Iron Casting
43:27 Pikeman
44:11 Squires
43:58 Arson
45:29 Halberdier
zKiNGvSTON4z
14:25 Feudal Age
15:11 Horse Collar
15:25 Gold Mining
15:32 Stone Mining
15:33 Double-Bit Axe
19:29 Castle Age
20:06 Forging
21:24 Wheelbarrow
21:06 Stone Mining
22:59 Iron Casting
22:55 Horse Collar
23:55 Gold Shaft Mining
23:48 Bow Saw
25:54 Hand Cart
27:44 Scale Barding Armor
32:01 Husbandry
33:00 Stone Shaft Mining
34:22 Padded Archer Armor
34:24 Scale Mail Armor
34:46 Chain Barding Armor
34:17 Fletching
34:52 Caravan
38:40 Imperial Age
37:17 Thumb Ring
37:36 Leather Archer Armor
37:17 Bodkin Arrow
40:17 Parthian Tactics
40:07 Bloodlines
40:29 Ming Guang Armor
42:17 Blast Furnace
41:33 Chain Mail Armor
42:07 Heavy Hei Guang Cavalry
44:44 Elite Tiger Cavalry
48:55 Ring Archer Armor
48:25 Bracer
Feudal Temptation
0:28 Loom
14:52 Feudal Age
18:25 Double-Bit Axe
21:34 Castle Age
23:41 Wheelbarrow
31:27 Caravan
33:40 Gold Mining
33:23 Elite Skirmisher
35:04 Gold Shaft Mining
37:06 Bow Saw
39:30 Imperial Age
37:33 Bloodlines
38:18 Pikeman
40:12 Forging
40:03 Padded Archer Armor
40:26 Ballistics
42:05 Chemistry
41:12 Siege Engineers
41:01 Fletching
42:51 Heavy Rocket Cart
43:44 Thunderclap Bombs
43:28 Elite Fire Lancer
43:29 Halberdier
45:29 Two-Man Saw
48:32 Iron Casting
47:52 Bodkin Arrow
48:13 Leather Archer Armor
47:58 Scale Mail Armor
48:04 Scale Barding Armor
48:11 Fortified Wall
48:14 Masonry
47:45 Treadmill Crane
48:09 Elite Iron Pagoda
49:12 Conscription
50:51 Elite Steppe Lancer
54:16 Husbandry
53:42 Heavy Cavalry Archer
Varg_1960
3:45 Loom
13:22 Feudal Age
17:11 Man-at-Arms
19:50 Fletching
20:05 Scale Mail Armor
22:07 Padded Archer Armor
22:32 Double-Bit Axe
27:59 Castle Age
28:03 Crossbowman
29:06 Thumb Ring
29:59 Bodkin Arrow
30:17 Forging
30:53 Pikeman
32:26 Horse Collar
32:54 Squires
34:56 Iron Casting
35:16 Chain Mail Armor
36:36 Gold Mining
42:47 Wheelbarrow
50:51 Imperial Age
52:38 Arbalester
52:55 Halberdier
55:10 Bracer
56:12 Blast Furnace
55:43 Plate Mail Armor
55:31 Leather Archer Armor
55:22 Scale Barding Armor
Connection lost

Rejoining the realm…

Still unreachable

The connection could not be restored.

Session expired

The server has moved on; the page needs a fresh start.